 Dungeon Crawl Stone Soup version 0.20.0-10-g0535bb4 (webtiles) character file.

1108 stringdemon the Zephyrmancer (level 8, -3/41 HPs)
             Began as a Tengu Air Elementalist on June 3, 2017.
             Slain by an orc warrior
             ... wielding a +0 quarterstaff
              (24 damage)
             ... on level 7 of the Dungeon.
             The game lasted 00:37:21 (8283 turns).

stringdemon the Zephyrmancer (TeAE)                 Turns: 8283, Time: 00:37:22

Health: -3/41      AC:  2    Str: 12    XL:     8   Next: 33%
Magic:  5/12       EV: 13    Int: 17    God:
Gold:   375        SH:  0    Dex: 15    Spells: 3/11 levels left

rFire    . . .     SeeInvis .   a - +4 short sword (elec)
rCold    . . .     Gourm    .   (no shield)
rNeg     . . .     Faith    .   e - +0 robe
rPois    .         Spirit   .   (helmet restricted)
rElec    .         Reflect  .   (no cloak)
rCorr    .         Harm     .   (no gloves)
MR       .....                  (boots unavailable)
Stlth    ++........             (no amulet)
Regen    0.2/turn               t - +3 ring of strength
MPRegen  0.2/turn               (no ring)

@: swift, very quick
A: beak, talons 3, able to fly 1
a: Fly


You were on level 7 of the Dungeon.
You were hungry.

You visited 2 branches of the dungeon, and saw 8 of its levels.

You collected 430 gold pieces.
You spent 55 gold pieces at shops.

Inventory:

Hand Weapons
 a - a +4 short sword of electrocution (weapon)
Missiles
 j - 93 arrows
Armour
 e - a +0 robe (worn)
Jewellery
 t - a +3 ring of strength (left hand)
Wands
 p - a wand of lightning (2/15)
Scrolls
 g - 3 scrolls of remove curse
 i - a scroll of amnesia
 l - a scroll of fog
Potions
 c - a potion of cancellation {unknown}
 h - 2 potions of flight {unknown}
 k - a potion of magic {unknown}
 n - a potion of agility {unknown}
 o - a potion of berserk rage {unknown}
 q - a potion of heal wounds
 r - 2 potions of brilliance
Books
 b - a book of Air

   Spells                             Type                      Level
   a - Shock                          Conjuration/Air              1
   b - Swiftness                      Charms/Air                   2
   c - Static Discharge               Conjuration/Air              3
   d - Airstrike                      Air                          4
   e - Lightning Bolt                 Conjuration/Air              5
Comestibles
 d - 3 bread rations
 f - 3 royal jellies
 s - 2 fruits


   Skills:
 - Level 3.0 Short Blades
 - Level 2.1 Dodging
 - Level 2.0 Stealth
 - Level 2.0 Spellcasting
 * Level 8.4 Conjurations
 + Level 9.2 Air Magic
 + Level 0.6 Evocations


You had 3 spell levels left.
You knew the following spells:

 Your Spells              Type           Power        Failure   Level  Hunger
a - Shock                 Conj/Air       ####         1%          1    #......
b - Swiftness             Chrm/Air       ###.....     4%          2    ###....
c - Lightning Bolt        Conj/Air       ####......   14%         5    ######.


Dungeon Overview and Level Annotations

Branches:
Dungeon (7/15)             Temple (1/1) D:4

Altars:
Ashenzari
Cheibriados
Dithmenos
Elyvilon
Fedhas
Gozag
Hepliaklqana
Kikubaaqudgha
Makhleb
Nemelex Xobeh
Okawaru
Qazlal
Ru
Sif Muna
Trog
Uskayaw
Xom
Yredelemnul
Zin
The Shining One

Shops:
D:6 *

Annotations:
D:4 MDvedh's ghost, novice GrSk
D:6 Sigmund


Innate Abilities, Weirdness & Mutations

You have a beak for a mouth.
You have claws for feet.
You can fly.


Message History

The orc warrior is moderately wounded.
Casting: Shock
Confirm with . or Enter, or press ? or * to list all spells.
Aiming: Lightning Bolt
Press: ? - help, Shift-Dir - straight line, f - orc warrior
Aim: an orc warrior, wielding a quarterstaff and wearing a plate armour (moderately wounded)
You hear a mighty clap of thunder!
The bolt of lightning misses the orc warrior.
You are feeling hungry.
The orc warrior hits you with a quarterstaff!!
Unknown command.
Okay, then.
Okay, then.
Okay, then.
Casting: Lightning Bolt
Confirm with . or Enter, or press ? or * to list all spells.
You feel quick.
The orc warrior hits you with a quarterstaff!!
Ouch! That really hurt!
You die...

#############..# #'#
#.............>#
#..........##### #..........#
#..........# #..........#
#..........# #........o.#
#........@.# ##..........#
#######...........#
(.......########+##############
.######.########.# #..........#
.# #..........# #.########.# .#
##############.#......#.# .#
#..........#.####.#.# .#
#.##########.# #.#.#


You could see an orc warrior.

Vanquished Creatures
  A phantom (D:6)
  A bullfrog (D:7)
  A scorpion (D:4)
  4 howler monkeys
  2 crimson imps
  A centaur zombie (D:7)
  A jelly (D:5)
  2 hounds
  2 orc priests (D:3)
  3 bullfrog skeletons
  An orc wizard (D:6)
  Terence (D:2)
  An iguana (D:4)
  4 worker ants
  3 gnolls (D:6)
  3 adders
  2 shadow imps
  An ooze (D:3)
  An adder skeleton (D:4)
  5 worms
  4 dart slugs
  5 leopard geckos
  15 orcs
  14 bats
  8 giant cockroaches
  9 goblins
  5 hobgoblins
  8 jackals
  9 kobolds
  A ball python (D:2)
  5 frilled lizards
  A leopard gecko zombie (D:6)
  A quokka zombie (D:6)
  6 rats
131 creatures vanquished.

Vanquished Creatures (others)
  A howler monkey (D:7)
1 creature vanquished.

Grand Total: 132 creatures vanquished

Notes
Turn   | Place    | Note
-------+----------+-------------------------------------------
     0 | D:1      | stringdemon the Tengu Air Elementalist began the quest for the Orb.
     0 | D:1      | Reached XP level 1. HP: 10/10 MP: 4/4
   267 | D:1      | Reached XP level 2. HP: 10/15 MP: 6/6
   363 | D:1      | Reached skill level 1 in Short Blades
   733 | D:1      | Reached XP level 3. HP: 19/19 MP: 7/7
   876 | D:1      | Reached skill level 5 in Air Magic
  1067 | D:1      | Learned a level 2 spell: Swiftness
  1288 | D:2      | Noticed Terence
  1732 | D:2      | Killed Terence
  1732 | D:2      | Reached XP level 4. HP: 12/24 MP: 4/8
  2543 | D:2      | Found a blossoming altar of Fedhas.
  3019 | D:3      | Gained mutation: You can fly. [Tengu growth]
  3019 | D:3      | Reached XP level 5. HP: 28/28 MP: 9/9
  3051 | D:3      | Reached skill level 6 in Air Magic
  3340 | D:3      | Learned a level 5 spell: Lightning Bolt
  3459 | D:3      | Found a sacrificial altar of Ru.
  3460 | D:3      | Found a glowing golden altar of the Shining One.
  4244 | D:4      | Reached XP level 6. HP: 32/32 MP: 7/10
  4279 | D:4      | Reached skill level 7 in Air Magic
  4968 | D:4      | Noticed MDvedh's ghost (novice GrSk)
  5119 | D:4      | Found a staircase to the Ecumenical Temple.
  5228 | D:5      | Entered Level 5 of the Dungeon
  5246 | D:5      | You fall through a shaft for 2 floors!
  5262 | D:6      | Noticed a phantom
  5282 | D:6      | Killed a phantom
  5282 | D:6      | Reached skill level 5 in Conjurations
  5282 | D:6      | Reached XP level 7. HP: 22/36 MP: 1/11
  5473 | D:6      | Reached skill level 8 in Air Magic
  6945 | Temple   | Entered the Ecumenical Temple
  7102 | D:6      | Found a shimmering altar of Xom.
  7266 | D:6      | Found Bupiosos's General Store.
  7274 | D:6      | Bought a potion of heal wounds for 55 gold pieces
  7305 | D:6      | Noticed Sigmund
  7495 | D:6      | Reached XP level 8. HP: 37/41 MP: 8/12
  7802 | D:7      | Reached skill level 9 in Air Magic
  8283 | D:7      | Slain by an orc warrior

Skill      XL: |  1  2  3  4  5  6  7  8 |
---------------+-------------------------+-----
Short Blades   | 1 2 3 |  3.0
Air Magic      | 5 6 7 8 9 |  9.2
Conjurations   | 2 3 5 7 8 |  8.4
Dodging        | |  2.1
Stealth        | |  2.0
Spellcasting   | |  2.0
Evocations     | |  0.6

Action                   |  1- 3 |  4- 6 |  7- 9 || total
-------------------------+-------+-------+-------++-------
Melee: Short sword       |    74 |   101 |    43 ||   218
       Peck              |    12 |    12 |     4 ||    28
       Kick              |    13 |    19 |     9 ||    41
 Cast: Shock             |    19 |    61 |    89 ||   169
       Swiftness         |     1 |     3 |     2 ||     6
       Lightning Bolt    |       |       |     1 ||     1
Evoke: Wand              |       |     3 |       ||     3
  Use: Scroll            |       |     6 |     8 ||    14
       Potion            |       |     1 |     1 ||     2
 Stab: Sleeping          |     3 |     2 |     1 ||     6
  Eat: Bread ration      |     1 |     1 |       ||     2
       Chunk             |     1 |       |     1 ||     2
       Meat ration       |       |     1 |     2 ||     3
Armor: Robe              |     9 |    22 |     4 ||    35
Dodge: Dodged            |    37 |    57 |    33 ||   127
